 Dungeon Crawl Stone Soup version 0.28.0-43-g3370ac3207 (webtiles) character file.

Game seed: 8408856775711424363

9 croobank the Firebug (level 2, 0/20 HPs)
             Began as a Draconian Fire Elementalist on Mar 3, 2022.
             Slain by a kobold
             ... wielding a +0 club
              (1 damage)
             ... on level 1 of the Dungeon.
             The game lasted 00:01:52 (627 turns).

croobank the Firebug (Draconian Fire Elementalist)   Turns: 627, Time: 00:01:53

Health: 0/20       AC:  4    Str: 10    XL:     2   Next: 3%
Magic:  2/5        EV: 12    Int: 15    God:
Gold:   19         SH:  0    Dex: 11    Spells: 4/5 levels left

rFire   . . .      SeeInvis .   (no weapon)
rCold   . . .      Faith    .   (no shield)
rNeg    . . .      Spirit   .   (armour unavailable)
rPois   .          Reflect  .   (helmet restricted)
rElec   .          Harm     .   (no cloak)
rCorr   .          Rampage  .   (no gloves)
Will    .....                   (no boots)
Stlth   ++........              (no amulet)
HPRegen 0.06/turn               (no ring)
MPRegen 0.09/turn               (no ring)

@: no status effects
A: AC +4, unfitting armour, cold-blooded
a: no special abilities


You were on level 1 of the Dungeon.
You visited 1 branch of the dungeon, and saw 3 of its levels.

You collected 19 gold pieces.

Inventory:

Missiles
 c - 14 stones
Potions
 b - a potion of flight


   Skills:
 + Level 1.9 Dodging
 + Level 2.0 Stealth
 + Level 2.1 Spellcasting
 + Level 1.2 Conjurations
 + Level 3.1 Fire Magic


You had 4 spell levels left.
You knew the following spells:

 Your Spells              Type           Power      Damage    Failure   Level
a - Foxfire               Conj/Fire      32%        2x1d5     9%          1

Your spell library contained the following spells:

 Spells                   Type           Power      Damage    Failure   Level
 Scorch                   Fire           22%        2d6       9%          2
 Conjure Flame            Conj/Fire      8%         6-21      26%         3
 Inner Flame              Hex/Fire       6%         N/A       34%         3
 Flame Wave               Conj/Fire      8%         2d5       65%         4


Dungeon Overview and Level Annotations

Branches:
Dungeon (3/15)

Altars:


Innate Abilities, Weirdness & Mutations

Your plain brown scales are hard. (AC +4)
You cannot fit into any form of body armour.
You are cold-blooded and may be slowed by cold attacks.


Message History

You hit the quokka but do no damage.
The quokka is heavily wounded.
The kobold barely misses you. The quokka barely misses you.
You barely miss the quokka.
The quokka is heavily wounded.
The quokka bites you. The kobold hits you but does no damage.
You hit the quokka.
The quokka is severely wounded.
The quokka misses you. The kobold hits you with a +0 club.
You completely miss the quokka.
The quokka is severely wounded.
The quokka bites you but does no damage.
The kobold barely misses you.
Your magical contamination has completely faded away.
You closely miss the kobold.
Your tail-slap misses the kobold.
The quokka closely misses you. The kobold closely misses you.
The quokka barely misses you.
You barely miss the kobold. You punch the kobold.
The kobold is moderately wounded.
The kobold closely misses you.
The quokka bites you but does no damage.
You completely miss the kobold. The quokka barely misses you.
The kobold barely misses you.
You closely miss the kobold. The quokka misses you.
The kobold hits you with a +0 club.
You closely miss the kobold. The quokka bites you.
* * * LOW HITPOINT WARNING * * *
The kobold barely misses you.
You hit the kobold but do no damage. The quokka barely misses you.
The kobold barely misses you. The quokka closely misses you.
Casting: Foxfire (safe; 9% risk of failure)
Confirm with . or Enter, or press ? or * to list all spells.
There is not enough space to conjure foxfire!
You barely miss the kobold. The kobold hits you but does no damage.
The quokka bites you.
* * * LOW HITPOINT WARNING * * *
You closely miss the kobold. The quokka bites you.
* * * LOW HITPOINT WARNING * * *
The kobold hits you with a +0 club.
You die...

#.....K......# #.#......†
.##..†........####.#....###
...........................>
#######.###K########.....###
#.# #J# ##.#### .). #K#
#...# .... #K# ###.####
..... #r# #..... ...r..##@#
###### ...... #K# #.# #.#
.(. ... ... .....


You could see an endoplasm, a quokka and 4 kobolds.

Vanquished Creatures
  An endoplasm (D:1)
  2 hobgoblins
  A bat (D:1)
  2 goblins
  3 rats (D:1)
9 creatures vanquished.

Vanquished Creatures (others)
  22 foxfires
22 creatures vanquished.

Grand Total: 31 creatures vanquished

Notes
Turn   | Place    | Note
-------+----------+-------------------------------------------
     0 | D:1      | croobank the Draconian Fire Elementalist began the quest
                  | for the Orb.
     0 | D:1      | Reached XP level 1. HP: 14/14 MP: 3/3
    73 | D:1      | You fall into a shaft and drop 1 floor!
   596 | D:1      | Reached XP level 2. HP: 20/20 MP: 3/5
   627 | D:1      | HP: 1/20 [quokka (3)]
   627 | D:1      | Slain by a kobold

Illustrated notes

Levels and vault maps discovered:
D:1:      sevenhm_arrival_forest_fort_large_2, layout_basic, minmay_distorted
D:2:      layout_basic, basic_altar
D:3:      layout_basic, mainiacjoe_overflow_alcove_4

Skill      XL: |  1 |
---------------+----+-----
Stealth        | 2 |  2.0
Dodging        | |  1.9
Spellcasting   | |  2.1
Conjurations   | |  1.2
Fire Magic     | |  3.1

Action                   || total
-------------------------++-------
Melee: Unarmed           ||    18
       Punch             ||     1
 Cast: Foxfire           ||    13
  Use: Scroll            ||     1
Armor: Skin              ||     9
Dodge: Dodged            ||    27
